 Dungeon Crawl Stone Soup version 0.25.0-9-g26727b657a (webtiles) character file.

Game seed: 3991960498316673061

736 vurker the Grappler (level 7, -5/63 HPs)
             Began as a Ghoul Monk on June 20, 2020.
             Killed by divine providence
             ... invoked by an orc priest
              (10 damage)
             ... on level 5 of the Dungeon.
             The game lasted 00:06:14 (4092 turns).

vurker the Grappler (Ghoul Monk)                    Turns: 4092, Time: 00:06:15

Health: -5/63      AC:  6    Str: 17    XL:     7   Next: 74%
Magic:  6/6        EV: 11    Int:  5    God:
Gold:   275        SH:  0    Dex: 11    Spells: 6/6 levels left

rFire    . . .     SeeInvis .     - Unarmed
rCold    + . .     Gourm    .   (no shield)
rNeg     + + +     Faith    .   i - +0 ring mail
rPois    ∞         Spirit   .   (no helmet)
rElec    .         Reflect  .   (no cloak)
rCorr    .         Harm     .   (no gloves)
MR       .....                  r - +0 pair of boots
Stlth    +.........             (no amulet)
HPRegen  0.00/turn              (no ring)
MPRegen  0.10/turn              (no ring)

@: rotting
A: rotting body, claws 1, carnivore, cold resistance 1, negative energy
resistance 3, inhibited regeneration, torment resistance, unbreathing
a: no special abilities


You were on level 5 of the Dungeon.
You were not hungry.

You visited 1 branch of the dungeon, and saw 5 of its levels.

You collected 275 gold pieces.

Inventory:

Armour
 i - a +0 ring mail (worn)
   (You found it on level 2 of the Dungeon)
 r - a +0 pair of boots (worn)
   (You found it on level 4 of the Dungeon)
Wands
 u - a wand of paralysis (14)
   (You found it on level 4 of the Dungeon)
Scrolls
 b - 4 scrolls of remove curse
 f - 4 scrolls of teleportation
Potions
 j - a potion of ambrosia {unknown}
 k - 2 potions of curing {unknown}
 l - 3 potions of haste
 m - a potion of heal wounds {unknown}
 q - a potion of stabbing {unknown}
Comestibles
 e - 11 rations


   Skills:
 + Level 6.1 Fighting
 - Level 2.6 Dodging
 - Level 2.1 Stealth
 * Level 8.1 Unarmed Combat


You had 6 spell levels left.
You didn't know any spells.
Your spell library was empty.

Dungeon Overview and Level Annotations

Branches:
Dungeon (5/15)
 Temple: D:4-7

Altars:
Elyvilon
Qazlal
Sif Muna
Trog
Uskayaw
Vehumet
Wu Jian
Yredelemnul
Zin


Innate Abilities, Weirdness & Mutations

Your body is rotting away.
You thrive on raw meat.
You are immune to poison.
You have sharp fingernails.
You are carnivorous and can eat meat at any time.
Your flesh is cold resistant. (rC+)
You are immune to negative energy. (rN+++)
You do not regenerate when monsters are visible.
You are immune to unholy pain and torment.
You can survive without breathing.


Message History

You scratch the phantom but do no damage.
The phantom hits you but does no damage.
You barely miss the phantom. You barely miss the phantom.
The phantom blinks!
You are too injured to fight recklessly!
The phantom is too close now for your liking.
You are too injured to fight recklessly!
You claw the phantom!
You destroy the phantom!
Your Unarmed Combat skill increases to level 8!
All of the chunks of flesh in your inventory have rotted away.
A leopard gecko zombie comes into view.
A leopard gecko zombie is nearby!
You completely miss the leopard gecko zombie.
The leopard gecko zombie barely misses you.
You scratch the leopard gecko zombie.
The leopard gecko zombie bites you but does no damage.
You barely miss the leopard gecko zombie.
You claw the leopard gecko zombie!
You destroy the leopard gecko zombie!
No target in view!
No target in view!
b - 4 scrolls of remove curse (gained 1)
An orc comes into view. It is wielding a +0 hand axe.
The orc shouts!
An orc is nearby!
An orc is nearby!
An orc priest comes into view. It is wielding a +1 dagger of venom.
There is a glowing silver altar of Zin here.
An orc comes into view. It is wielding a +0 flail.
The orc priest shouts!
The orc shouts!
You hear a shout!
An orc priest comes into view. It is wielding a -1 whip.
You hear a shout!
An orc priest comes into view. It is wielding a +0 dagger.
The orc hits you with a +0 hand axe.
The orc priest invokes the aid of Beogh against you.
Beogh smites you!
The orc priest invokes the aid of Beogh against you.
Beogh smites you!
The orc priest mumbles some strange prayers to Beogh against you.
Beogh smites you!
* * * LOW HITPOINT WARNING * * *
You see here 14 gold pieces.
The orc priest mumbles some strange prayers to Beogh against you.
Beogh smites you!
* * * LOW HITPOINT WARNING * * *
Okay, then.
The orc priest invokes the aid of Beogh against you.
Beogh smites you!
You die...

.#.###########.#.#**
.,..#.....#....#.####
o##.#.###....#.#....##
.....................#
......####...##.#.#..#
.....................#
..._..###............#
...$.o..o....#...#...#
......####o.o.o.@...<#
###.#.# #.#.#.....###
#...#**#.#.....###
###.#,,...##.###
#..,....*#.#
**#.#.###.##.#
***,..#.**#.##.#
,,,,,,#,*,.....#
***,***,*,*,,,,*


You could see an orc priest and 2 orcs.

Vanquished Creatures
  A phantom (D:5)
  3 eyes of draining (D:4)
  A big kobold (D:4)
  2 scorpions (D:4)
  A howler monkey (D:4)
  A worker ant (D:4)
  A hound skeleton (D:4)
  3 gnolls
  A howler monkey skeleton (D:5)
  4 adders
  2 oozes
  An adder skeleton (D:3)
  4 worms
  A dart slug (D:3)
  2 leopard geckos
  An orc (D:3)
  2 giant cockroaches (D:1)
  A goblin (D:1)
  3 hobgoblins
  3 jackals (D:1)
  18 kobolds
  2 quokkas
  4 bats
  3 frilled lizards
  A leopard gecko zombie (D:5)
  8 rats
74 creatures vanquished.

Notes
Turn   | Place    | Note
-------+----------+-------------------------------------------
     0 | D:1      | vurker the Ghoul Monk began the quest for the Orb.
     0 | D:1      | Reached XP level 1. HP: 19/19 MP: 0/0
   261 | D:1      | Reached XP level 2. HP: 26/26 MP: 1/1
   369 | D:1      | Reached skill level 4 in Unarmed Combat
   571 | D:1      | Reached XP level 3. HP: 25/33 MP: 2/2
  1410 | D:2      | Found a stormy altar of Qazlal.
  1596 | D:2      | Reached XP level 4. HP: 24/40 MP: 3/3
  2232 | D:3      | Reached skill level 5 in Unarmed Combat
  2247 | D:3      | Found a basalt altar of Yredelemnul.
  2484 | D:3      | Found an ornate altar of the Wu Jian Council.
  2484 | D:3      | Found a radiant altar of Vehumet.
  2560 | D:3      | Found a shimmering blue altar of Sif Muna.
  2563 | D:3      | Found a white marble altar of Elyvilon.
  2564 | D:3      | Found a hide-covered altar of Uskayaw.
  2693 | D:4      | Reached XP level 5. HP: 31/47 MP: 4/4
  2844 | D:4      | Reached skill level 6 in Unarmed Combat
  2897 | D:4      | Reached XP level 6. HP: 49/55 MP: 5/5
  3095 | D:4      | Found a bloodstained altar of Trog.
  3095 | D:4      | Noticed an eye of draining
  3095 | D:4      | Noticed an eye of draining
  3116 | D:4      | Reached skill level 5 in Fighting
  3131 | D:4      | Killed an eye of draining
  3139 | D:4      | Killed an eye of draining
  3139 | D:4      | Reached skill level 7 in Unarmed Combat
  3208 | D:4      | Noticed an eye of draining
  3217 | D:4      | Killed an eye of draining
  3217 | D:4      | Reached XP level 7. HP: 62/62 MP: 0/6
  3806 | D:5      | Entered Level 5 of the Dungeon
  3840 | D:5      | Found a glowing silver altar of Zin.
  3893 | D:5      | Reached skill level 8 in Unarmed Combat
  4092 | D:5      | Killed from afar by an orc priest

Illustrated notes

Levels and vault maps discovered:
D:1:      kennysheep_arrival_forest, layout_basic, chequers_avenue
D:2:      layout_loops_corners, overflow_temple_1_default,
          hangedman_feature_mirror
D:3:      layout_rooms, chequers_temple_overflow_minitemple, first_ration,
          yredelemnul_altar_generic
D:4:      cheibrodos_thug_alley, layout_basic, trog_eyes_of_draining
D:5:      layout_basic, basic_altar, uniq_duvessa

Skill      XL: |  1  2  3  4  5  6  7 |
---------------+----------------------+-----
Unarmed Combat | 4 5 6 7 8 |  8.1
Fighting       | 4 5 6 |  6.1
Dodging        | |  2.6
Stealth        | |  2.1

Action                   |  1- 3 |  4- 6 |  7- 9 || total
-------------------------+-------+-------+-------++-------
Melee: Unarmed           |    92 |   120 |    73 ||   285
       Punch             |     2 |     5 |     1 ||     8
  Use: Scroll            |     1 |     2 |     7 ||    10
  Eat: Chunk             |     2 |    11 |     1 ||    14
Armor: Robe              |    10 |       |       ||    10
       Ring mail         |     6 |    27 |    17 ||    50
Dodge: Dodged            |    42 |    53 |    18 ||   113
